APL (24 & UNDER)
STATE COLLEGE SPIKES @ ATHENS ASSASSINS
08/07/2030
 
TOP OF THE 1ST
State College Spikes batting - Pitching for Athens Assassins : RHP James Mantle
Pitching: RHP James Mantle
Batting: RHB Jorge Molina 0-0: SINGLE (Groundball, 56D)
Batting: RHB Sergio Serrano 0-0: Ball
1-0: Called Strike
1-1: Called Strike
1-2: SINGLE (Groundball, 56D)
Jorge Molina to second
Batting: RHB Iván Romero 0-0: Ball
1-0: Called Strike
1-1: Foul Ball, location: 2F
1-2: Strikes out swinging
Batting: LHB Javier Morales 0-0: Called Strike
0-1: Ball
1-1: Ball
2-1: SINGLE (Line Drive, 4M)
Jorge Molina to third
Sergio Serrano to second
Runner from 3rd tries for Home, SAFE, throw made home
Batting: RHB Héctor Villarreal 0-0: Ball
1-0: Ball
2-0: Swinging Strike
2-1: Foul Ball, location: 2F
2-2: Strikes out swinging
Batting: RHB António Trevino 0-0: Ball
1-0: DOUBLE (Flyball, 7LD)
Sergio Serrano scores
Javier Morales to third
Runner from 3rd tries for Home, SAFE, no throw
Batting: LHB Edward Norton 0-0: Ball
1-0: Called Strike
1-1: Ball
2-1: Foul Ball, location: 2F
2-2: Ground out 6-3 (Groundball, 6)
Top of the 1st over - 3 runs, 4 hits, 0 errors, 1 left on base; State College 3 - Athens 0
BOTTOM OF THE 1ST
Athens Assassins batting - Pitching for State College Spikes : RHP Dustin Velásquez
Pitching: RHP Dustin Velásquez
Batting: RHB Pat Johnston 0-0: Ball
1-0: Ball
2-0: DOUBLE (Line Drive, 8LXD)
Batting: RHB Maximino Abbado 0-0: SINGLE (Flyball, 9S)
Pat Johnston to third
Runner from 3rd tries for Home, SAFE, no throw
Batting: RHB John Conway 0-0: Foul Ball, location: 2F
0-1: Ball
1-1: Foul Ball, location: 2F
1-2: Strikes out swinging
Batting: RHB John Jones 0-0: Called Strike
Maximino Abbado is caught stealing 2nd base
0-1: Swinging Strike
0-2: Ball
1-2: Strikes out swinging
Bottom of the 1st over - 1 run, 2 hits, 0 errors, 0 left on base; State College 3 - Athens 1
TOP OF THE 2ND
State College Spikes batting - Pitching for Athens Assassins : RHP James Mantle
Batting: RHB Norberto Márquez 0-0: Ground out 4-3 (Groundball, 4)
Batting: RHB Kululu Kijana 0-0: SINGLE (Flyball, 9S)
Batting: RHB Jorge Molina 0-0: SINGLE (Groundball, 6MD)
Kululu Kijana to second
Batting: RHB Sergio Serrano 0-0: Called Strike
0-1: Foul Ball, location: 2F
0-2: Strikes out swinging
Batting: RHB Iván Romero 0-0: Foul Ball, location: 2F
0-1: Foul Ball, location: 2F
0-2: Strikes out looking
Top of the 2nd over - 0 runs, 2 hits, 0 errors, 2 left on base; State College 3 - Athens 1
BOTTOM OF THE 2ND
Athens Assassins batting - Pitching for State College Spikes : RHP Dustin Velásquez
Batting: RHB Jonathon García 0-0: Ball
1-0: Called Strike
1-1: SINGLE (Line Drive, 34D)
Batting: RHB Kiyonaga Ogawa 0-0: Foul Ball, location: 2F
0-1: Called Strike
0-2: Foul Ball, location: 2F
0-2: Foul Ball, location: 2F
0-2: Fielders Choice at 2nd, 1-6 (Groundball, P)
Batting: RHB Jorge Loanos 0-0: Foul Ball, location: 2F
0-1: Ball
1-1: Ball
2-1: Ball
3-1: Foul Ball, location: 2F
3-2: Foul Ball, location: 2F
3-2: Foul Ball, location: 2F
3-2: Fly out, F4 (Line Drive, 4)
Batting: RHB Justin Tomlinson 0-0: Ball
1-0: Ball
2-0: Fielders Choice at 2nd, 6-4 (Groundball, 6)
Bottom of the 2nd over - 0 runs, 1 hit, 0 errors, 1 left on base; State College 3 - Athens 1
TOP OF THE 3RD
State College Spikes batting - Pitching for Athens Assassins : RHP James Mantle
Batting: LHB Javier Morales 0-0: Foul Ball, location: 2F
0-1: Swinging Strike
0-2: Ball
1-2: Ground out 4-3 (Groundball, 4)
Batting: RHB Héctor Villarreal 0-0: Foul Ball, location: 2F
0-1: Ball
1-1: Ground out 1-3 (Groundball, P)
Batting: RHB António Trevino 0-0: Called Strike
0-1: Foul Ball, location: 2F
0-2: Ball
1-2: Strikes out looking
Top of the 3rd over - 0 runs, 0 hits, 0 errors, 0 left on base; State College 3 - Athens 1
BOTTOM OF THE 3RD
Athens Assassins batting - Pitching for State College Spikes : RHP Dustin Velásquez
Batting: RHB Alfonso Flores 0-0: Ball
1-0: Ground out 6-3 (Groundball, 4MD)
Batting: RHB Pat Johnston 0-0: Called Strike
0-1: Called Strike
0-2: Ball
1-2: Foul Ball, location: 2F
1-2: Foul Ball, location: 2F
1-2: Ground out 6-3 (Groundball, 6)
Batting: RHB Maximino Abbado 0-0: Swinging Strike
0-1: Swinging Strike
0-2: Ball
1-2: Strikes out swinging
Bottom of the 3rd over - 0 runs, 0 hits, 0 errors, 0 left on base; State College 3 - Athens 1
TOP OF THE 4TH
State College Spikes batting - Pitching for Athens Assassins : RHP James Mantle
Batting: LHB Edward Norton 0-0: Ball
1-0: Ball
2-0: Ball
3-0: Called Strike
3-1: Foul Ball, location: 2F
3-2: Foul Ball, location: 2F
3-2: Base on Balls
Batting: RHB Norberto Márquez 0-0: Ball
1-0: Called Strike
1-1: Foul Ball, location: 2F
1-2: Strikes out swinging
Batting: RHB Kululu Kijana 0-0: Ball
1-0: Fly out, F7 (Flyball, 7LMF)
Batting: RHB Jorge Molina 0-0: Ball
1-0: Foul Ball, location: 2F
1-1: Called Strike
1-2: Strikes out swinging
Top of the 4th over - 0 runs, 0 hits, 0 errors, 1 left on base; State College 3 - Athens 1
BOTTOM OF THE 4TH
Athens Assassins batting - Pitching for State College Spikes : RHP Dustin Velásquez
Batting: RHB John Conway 0-0: Ball
1-0: Ground out 4-3 (Groundball, 4)
Batting: RHB John Jones 0-0: Swinging Strike
0-1: Foul Ball, location: 2F
0-2: Strikes out looking
Batting: RHB Jonathon García 0-0: Called Strike
0-1: Ball
1-1: Fly out, F8 (Flyball, 78D)
Bottom of the 4th over - 0 runs, 0 hits, 0 errors, 0 left on base; State College 3 - Athens 1
TOP OF THE 5TH
State College Spikes batting - Pitching for Athens Assassins : RHP James Mantle
Batting: RHB Sergio Serrano 0-0: Ground out 1-3 (Groundball, P)
Batting: RHB Iván Romero 0-0: Called Strike
0-1: Called Strike
0-2: Ball
1-2: Strikes out swinging
Batting: LHB Javier Morales 0-0: Called Strike
0-1: Swinging Strike
0-2: Ball
1-2: Ground out 4-3 (Groundball, 4)
Top of the 5th over - 0 runs, 0 hits, 0 errors, 0 left on base; State College 3 - Athens 1
BOTTOM OF THE 5TH
Athens Assassins batting - Pitching for State College Spikes : RHP Dustin Velásquez
Batting: RHB Kiyonaga Ogawa 0-0: Ball
1-0: Called Strike
1-1: Foul Ball, location: 2F
1-2: Ground out 5-3 (Groundball, 56S)
Batting: RHB Jorge Loanos 0-0: Bunted foul
0-1: Called Strike
0-2: Ball
1-2: Ball
2-2: Ball
3-2: Foul Ball, location: 2F
3-2: Strikes out looking
Batting: RHB Justin Tomlinson 0-0: Called Strike
0-1: Ball
1-1: Foul Ball, location: 2F
1-2: Foul Ball, location: 2F
1-2: Ball
2-2: Ball
3-2: Ground out 6-3 (Groundball, 6)
Bottom of the 5th over - 0 runs, 0 hits, 0 errors, 0 left on base; State College 3 - Athens 1
TOP OF THE 6TH
State College Spikes batting - Pitching for Athens Assassins : RHP James Mantle
Batting: RHB Héctor Villarreal 0-0: Ground out 4-3 (Groundball, 4)
Batting: RHB António Trevino 0-0: Called Strike
0-1: Called Strike
0-2: Foul Ball, location: 2F
0-2: SINGLE (Line Drive, 4D)
Batting: LHB Edward Norton 0-0: Ball
1-0: Foul Ball, location: 2F
1-1: Foul Ball, location: 2F
1-2: Ball
2-2: Foul Ball, location: 2F
2-2: Ball
3-2: Foul Ball, location: 2F
3-2: Reached on error, E9 (Flyball, 9)
António Trevino to second
Batting: RHB Norberto Márquez 0-0: Ball
1-0: Foul Ball, location: 2F
1-1: Foul Ball, location: 2F
1-2: Ball
2-2: Ball
3-2: Foul Ball, location: 2F
3-2: Hit by Pitch
António Trevino to third
Edward Norton to second
Batting: RHB Kululu Kijana 0-0: Ball
1-0: Called Strike
1-1: Ball
2-1: Ball
3-1: Grounds into fielders choice 5-2 (Groundball, 56S)
Edward Norton to third
Norberto Márquez to second
Batting: RHB Jorge Molina 0-0: Ball
1-0: Ball
2-0: Swinging Strike
2-1: SINGLE (Line Drive, 6MD)
Edward Norton scores
Norberto Márquez to third
Kululu Kijana to second
Runner from 3rd tries for Home, SAFE, no throw
Batting: RHB Sergio Serrano 0-0: Ball
1-0: Foul Ball, location: 2F
1-1: Swinging Strike
1-2: Strikes out swinging
Top of the 6th over - 2 runs, 2 hits, 1 error, 2 left on base; State College 5 - Athens 1
BOTTOM OF THE 6TH
Athens Assassins batting - Pitching for State College Spikes : RHP Dustin Velásquez
Batting: RHB Alfonso Flores 0-0: Foul Ball, location: 2F
0-1: Swinging Strike
0-2: Ball
1-2: Strikes out looking
Batting: RHB Pat Johnston 0-0: Called Strike
0-1: Foul Ball, location: 2F
0-2: Foul Ball, location: 2F
0-2: Ball
1-2: Ground out 6-3 (Groundball, 6)
Batting: RHB Maximino Abbado 0-0: Ball
1-0: Foul Ball, location: 2F
1-1: SINGLE (Groundball, 4D)
Pitching: RHP José Sánchez
Batting: RHB John Conway 0-0: Ball
1-0: Called Strike
1-1: Foul Ball, location: 2F
1-2: Ball
2-2: Strikes out swinging
Bottom of the 6th over - 0 runs, 1 hit, 0 errors, 1 left on base; State College 5 - Athens 1
TOP OF THE 7TH
State College Spikes batting - Pitching for Athens Assassins : RHP James Mantle
Pitching: LHP Tony Grimes
Batting: RHB Iván Romero 0-0: Called Strike
0-1: Swinging Strike
0-2: Ball
1-2: Ball
2-2: Strikes out swinging
Batting: LHB Javier Morales 0-0: Called Strike
0-1: Ball
1-1: Foul Ball, location: 2F
1-2: Ball
2-2: Ground out 4-3 (Groundball, 4)
Batting: RHB Héctor Villarreal 0-0: Ball
1-0: Fly out, F9 (Line Drive, 9)
Top of the 7th over - 0 runs, 0 hits, 0 errors, 0 left on base; State College 5 - Athens 1
BOTTOM OF THE 7TH
Athens Assassins batting - Pitching for State College Spikes : RHP José Sánchez
Batting: RHB John Jones 0-0: SINGLE (Groundball, 6D)
Batting: RHB Jonathon García 0-0: Called Strike
0-1: Foul Ball, location: 2F
0-2: Ball
1-2: Strikes out swinging
Batting: RHB Kiyonaga Ogawa 0-0: Swinging Strike
0-1: Ball
1-1: Swinging Strike
1-2: Strikes out swinging
Batting: RHB Jorge Loanos 0-0: Ball
1-0: Ball
2-0: Foul Ball, location: 2F
2-1: Ball
3-1: SINGLE (Line Drive, 4D)
John Jones to second
Runner from 2nd tries for 3rd, SAFE, no throw
Batting: RHB Justin Tomlinson 0-0: Called Strike
0-1: Swinging Strike
0-2: Foul Ball, location: 2F
0-2: Ball
1-2: Foul Ball, location: 2F
1-2: Ball
Jorge Loanos is caught stealing 2nd base
Bottom of the 7th over - 0 runs, 2 hits, 0 errors, 1 left on base; State College 5 - Athens 1
TOP OF THE 8TH
State College Spikes batting - Pitching for Athens Assassins : LHP Tony Grimes
Batting: RHB António Trevino 0-0: Ball
1-0: Called Strike
1-1: Foul Ball, location: 2F
1-2: Ball
2-2: Ball
3-2: Foul Ball, location: 2F
3-2: Base on Balls
Batting: LHB Edward Norton 0-0: Hit by Pitch
António Trevino to second
Batting: RHB Norberto Márquez 0-0: Foul Ball, location: 2F
0-1: Ball
1-1: Ball
2-1: SINGLE (Groundball, 56D)
António Trevino to third
Edward Norton to second
Batting: RHB Kululu Kijana 0-0: Called Strike
0-1: Ball
1-1: Swinging Strike
1-2: Ball
2-2: Foul Ball, location: 2F
2-2: Foul Ball, location: 2F
2-2: Strikes out swinging
Batting: RHB Jorge Molina 0-0: Called Strike
0-1: Ball
1-1: SINGLE (Line Drive, 3)
António Trevino scores
Edward Norton to third
Norberto Márquez to second
Runner from 3rd tries for Home, SAFE, no throw
Batting: RHB Sergio Serrano 0-0: SINGLE (Line Drive, 56D)
Norberto Márquez to third
Jorge Molina to second
Runner from 3rd tries for Home, SAFE, no throw
Batting: RHB Iván Romero 0-0: Called Strike
0-1: Called Strike
0-2: Foul Ball, location: 2F
0-2: Strikes out swinging
Batting: LHB Javier Morales 0-0: Ball
1-0: Called Strike
1-1: Called Strike
1-2: SINGLE (Flyball, 78M)
Jorge Molina to third
Sergio Serrano to second
Runner from 3rd tries for Home, SAFE, no throw
Batting: RHB Héctor Villarreal 0-0: Called Strike
0-1: Swinging Strike
0-2: Ball
1-2: Ball
2-2: Foul Ball, location: 2F
2-2: Strikes out swinging
Top of the 8th over - 4 runs, 4 hits, 0 errors, 2 left on base; State College 9 - Athens 1
BOTTOM OF THE 8TH
Athens Assassins batting - Pitching for State College Spikes : RHP José Sánchez
Batting: RHB Justin Tomlinson 0-0: Called Strike
0-1: Ball
1-1: Swinging Strike
1-2: Foul Ball, location: 2F
1-2: Strikes out swinging
Batting: RHB Alfonso Flores 0-0: Called Strike
0-1: Swinging Strike
0-2: Ball
1-2: Strikes out swinging
Batting: RHB Pat Johnston 0-0: Called Strike
0-1: Ball
1-1: Ball
2-1: Foul Ball, location: 2F
2-2: Ball
3-2: Strikes out swinging
Bottom of the 8th over - 0 runs, 0 hits, 0 errors, 0 left on base; State College 9 - Athens 1
TOP OF THE 9TH
State College Spikes batting - Pitching for Athens Assassins : LHP Tony Grimes
Batting: RHB António Trevino 0-0: Called Strike
0-1: Foul Ball, location: 2F
0-2: Ball
1-2: Strikes out swinging
Batting: LHB Edward Norton 0-0: Ball
1-0: Called Strike
1-1: Swinging Strike
1-2: Ball
2-2: Strikes out swinging
Batting: RHB Norberto Márquez 0-0: Foul Ball, location: 2F
0-1: Hit by Pitch
Batting: RHB Kululu Kijana 0-0: Called Strike
Norberto Márquez steals 2nd base
0-1: Fly out, F9 (Line Drive, 9)
Top of the 9th over - 0 runs, 0 hits, 0 errors, 1 left on base; State College 9 - Athens 1
BOTTOM OF THE 9TH
Athens Assassins batting - Pitching for State College Spikes : RHP José Sánchez
Now at 2B: Juan Camacho
Batting: RHB Maximino Abbado 0-0: Fly out, F7 (Flyball, 78S)
Batting: RHB John Conway 0-0: Called Strike
0-1: Swinging Strike
0-2: Foul Ball, location: 2F
0-2: Ball
1-2: Foul Ball, location: 2F
1-2: Fly out, F7 (Flyball, 7D)
Batting: RHB John Jones 0-0: Ball
1-0: Ball
2-0: Foul Ball, location: 2F
2-1: Ball
3-1: Base on Balls
Batting: RHB Jonathon García 0-0: Called Strike
0-1: Fly out, F7 (Flyball, 7LS)
Bottom of the 9th over - 0 runs, 0 hits, 0 errors, 1 left on base; State College 9 - Athens 1
Saturday, April 7th, 2018 - OOTP Baseball 18.8 Build 76